 Dungeon Crawl Stone Soup version 0.26-a0-1164-g1a551d6a14 (webtiles) character file.

Game seed: 14364123391603424690

238 uibert the Caller (level 6, -5/33 HPs)
             Began as a Kobold Summoner on Dec 23, 2020.
             Shot with an arrow by a centaur (6 damage)
             ... on level 5 of the Dungeon.
             The game lasted 00:17:52 (4603 turns).

uibert the Caller (Kobold Summoner)                 Turns: 4603, Time: 00:17:54

Health: -5/33      AC:  5    Str:  7    XL:     6   Next: 28%
Magic:  2/9        EV: 15    Int: 16    God:
Gold:   262        SH:  0    Dex: 16    Spells: 6/9 levels left

rFire    . . .     SeeInvis .   z - +3 spear
rCold    . . .     Faith    .   (shield restricted)
rNeg     . . .     Spirit   .   a - +0 robe
rPois    +         Reflect  .   l - +0 helmet
rElec    .         Harm     .   (no cloak)
rCorr    .         Rampage  .   f - +1 pair of gloves
Will     .....                  (no boots)
Stlth    +++.......             w - amulet of inaccuracy (curse)
HPRegen  0.11/turn              g - ring of poison resistance
MPRegen  0.11/turn              (no ring)

@: no status effects
A: small, nightstalker 3
a: no special abilities


You were on level 5 of the Dungeon.
You visited 1 branch of the dungeon, and saw 5 of its levels.

You collected 262 gold pieces.

Inventory:

Hand Weapons
 d - a +0 club
 h - a +0 spear
 m - a +0 hunting sling
 z - a +3 spear (weapon)
 A - a +1 spectral quarterstaff
Missiles
 j - 54 stones
 r - 4 silver boomerangs
Armour
 a - a +0 robe (worn)
 f - a +1 pair of gloves (worn)
 l - a +0 helmet (worn)
 u - a +1 leather armour of fire resistance
 y - a +2 ring mail of cold resistance
Magical Staves
 s - an uncursed staff of poison
Jewellery
 g - a ring of poison resistance (left hand)
 w - a cursed amulet of inaccuracy (around neck)
Wands
 o - a wand of polymorph (12)
 t - a wand of paralysis (9)
 C - a wand of iceblast (4)
Scrolls
 n - a scroll of enchant armour
 p - 3 scrolls of immolation
 q - 2 scrolls of identify {unknown}
 v - 2 scrolls of fear
 B - 2 scrolls of teleportation
Potions
 b - a potion of brilliance {unknown}
 c - a potion of resistance {unknown}
 e - 2 potions of curing
 i - a potion of magic {unknown}
 k - 2 potions of attraction {unknown}
 x - 2 potions of heal wounds {unknown}


   Skills:
 + Level 0.8 Fighting
 - Level 0.7 Polearms
 + Level 2.7 Dodging
 - Level 2.6 Stealth
 + Level 2.3 Spellcasting
 * Level 6.7 Summonings


You had 6 spell levels left.
You knew the following spells:

 Your Spells              Type           Power        Failure   Level
a - Summon Small Mammal   Summ           92%          1%          1
b - Call Imp              Summ           23%          1%          2

Your spell library contained the following spells:

 Spells                   Type           Power        Failure   Level
 Call Canine Familiar     Summ           23%          3%          3
 Summon Guardian Golem    Hex/Summ       12%          16%         3
 Summon Ice Beast         Ice/Summ       12%          45%         4
 Summon Lightning Spire   Summ/Air       12%          45%         4


Dungeon Overview and Level Annotations

Branches:
Dungeon (5/15)             Temple (0/1) D:4

Altars:

Shops:
D:5 (


Innate Abilities, Weirdness & Mutations

You are small and have problems with some larger weapons.
You are completely attuned to the shadows.


Message History

Your iron imp dies!
The centaur shoots an arrow.
The arrow barely misses you.
You swap places.
The centaur shoots an arrow.
The arrow hits you but does no damage.
You see here 5 arrows.
You swap places.
The centaur shoots an arrow.
The arrow misses your crimson imp. The arrow closely misses you.
The centaur shoots an arrow.
The arrow hits your crimson imp!
Your crimson imp blinks!
The centaur shoots an arrow.
The arrow hits your crimson imp!
You see here 5 arrows.
Evoke which item? (* to show all) (? for menu, Esc to quit)
Okay, then.
Reach: z) +3 spear
Press: ? - help, Dir - move target, f/p - centaur
Aim: a centaur, wielding a +0 shortbow and quivering 4 arrows (moderately wounded)
You could not reach far enough!
The centaur shoots an arrow.
The arrow barely misses your crimson imp.
The arrow hits you.
You die...

### ##.# #..# . #..###
# .. #....#####
.5.###### ##..#......
...c5(.(####...######.
...##@.......#.# #. c.
##.(####..... ... .
##..# ....## ##.
##..[#.#.. #. #.. .#..
##. #. #.. ###..
#..........
...........


You could see a centaur and 2 friendly crimson imps.

Vanquished Creatures
  An orc priest (D:3)
  3 adders (D:3)
  2 worms
  4 orcs
  3 bats
  A giant cockroach (D:1)
  2 goblins (D:3)
  4 hobgoblins
  2 jackals (D:4)
  4 kobolds
  A ball python (D:3)
  3 rats
30 creatures vanquished.

Vanquished Creatures (collateral kills)
  A water moccasin skeleton (D:4)
  A bullfrog zombie (D:5)
  A bullfrog skeleton (D:4)
  A worker ant (D:4)
  2 howler monkey skeletons (D:4)
  6 adders
  An ooze (D:1)
  4 dart slugs
  3 leopard geckos
  4 orcs (D:3)
  3 bats (D:1)
  3 giant cockroaches
  4 hobgoblins
  A jackal (D:4)
  2 quokkas
  4 frilled lizards
  4 goblins
  3 kobolds
  2 rats
50 creatures vanquished.

Grand Total: 80 creatures vanquished

Notes
Turn   | Place    | Note
-------+----------+-------------------------------------------
     0 | D:1      | uibert the Kobold Summoner began the quest for the Orb.
     0 | D:1      | Reached XP level 1. HP: 10/10 MP: 3/3
   208 | D:1      | Reached XP level 2. HP: 13/15 MP: 0/5
  1017 | D:1      | Reached XP level 3. HP: 19/19 MP: 3/6
  1537 | D:2      | Reached skill level 5 in Summonings
  2046 | D:2      | Reached XP level 4. HP: 18/24 MP: 3/7
  2730 | D:3      | Reached XP level 5. HP: 28/28 MP: 4/8
  3063 | D:3      | Reached skill level 6 in Summonings
  3092 | D:3      | Learned a level 2 spell: Call Imp
  3221 | D:3      | Found a faded altar of an unknown god.
  3872 | D:4      | Found a staircase to the Ecumenical Temple.
  4079 | D:4      | Reached XP level 6. HP: 32/32 MP: 2/9
  4523 | D:5      | Entered Level 5 of the Dungeon
  4532 | D:5      | Found Detuif's Weapon Shoppe.
  4596 | D:5      | HP: 1/33 [centaur/arrow (6)]
  4603 | D:5      | Shot with an arrow by a centaur

Illustrated notes

Levels and vault maps discovered:
D:1:      lightli_molten_gateway, layout_basic
D:2:      layout_rooms
D:3:      kb_forest_paths, layout_basic, chequers_ecumenical_altar_simple
D:4:      layout_rooms, minmay_temple_entry_slanted, minmay_unequal
D:5:      layout_rooms, serial_shops, shop, nicolae_dithmenos_the_darkroom

Skill      XL: |  1  2  3  4  5 |
---------------+----------------+-----
Summonings     | 5 6 |  6.7
Fighting       | |  0.8
Polearms       | |  0.7
Dodging        | |  2.7
Stealth        | |  2.6
Spellcasting   | |  2.3

Action                   |  1- 3 |  4- 6 || total
-------------------------+-------+-------++-------
Melee: Club              |    19 |       ||    19
       Unarmed           |     5 |       ||     5
       Spear             |    40 |   120 ||   160
 Cast: Summon Small Mamm |    59 |    44 ||   103
       Call Imp          |       |    32 ||    32
  Use: Scroll            |     7 |     2 ||     9
 Stab: Sleeping          |     2 |     2 ||     4
       Distracted        |       |     3 ||     3
Armor: Robe              |     8 |    22 ||    30
Dodge: Dodged            |    54 |    88 ||   142

Table legend: (Time is in decaauts)
 A = Elapsed time spent in this place.
 B = Non-inter-level travel time spent in this place.
 C = Inter-level travel time spent in this place.
 D = Time resting spent in this place.
 E = Time spent auto-exploring this place.
 F = Levels seen in this place.
 G = Mean time per level.
                   A        B        C        D        E       F      G
               +--------+--------+--------+--------+--------+-----+--------+
         Total |   4622 |   4573 |     49 |    530 |   2570 |   5 |  924.4 |
       Dungeon |   4622 |   4573 |     49 |    530 |   2570 |   5 |  924.4 |
               +--------+--------+--------+--------+--------+-----+--------+

Top non-repeatable levels by time:
     D:1: 1313 daAuts
     D:3: 1227 daAuts
     D:2: 1025 daAuts
     D:4: 975 daAuts
     D:5: 80 daAuts
